 Dungeon Crawl Stone Soup version 0.31-a0-506-g3d79149578 (webtiles) character file.

Game seed: 3439206034347574107

2 Ethylacetat the Ducker (level 1, 0/5 HPs)
             Began as an Octopode Gladiator on Aug 9, 2023.
             Slain by a goblin
             ... wielding a +0 club
              (1 damage)
             ... on level 1 of the Dungeon.
             The game lasted 00:00:42 (137 turns).

Ethylacetat the Ducker (Octopode Gladiator)          Turns: 137, Time: 00:00:42

Health: 0/5        AC:  1    Str: 13    XL:     1   Next: 40%
Magic:  1/1        EV: 13    Int: 10    God:
Gold:   14         SH:  0    Dex: 13    Spells: 0/0 levels left

rFire   . . .        a - melded +0 long sword
rCold   . . .        (shield currently unavailable)
rNeg    . . .        b - +0 hat
rPois   .            (no amulet)
rElec   .            (no ring)
rCorr   .            (no ring)
SInv    .            (no ring)
Will    .....        (no ring)
Stlth   +            (no ring)
HPRegen 0.20/turn    (no ring)
MPRegen 0.07/turn    (no ring)
                     (no ring)

%: no passive effects
@: flux-form, glowing
A: glow, contaminating, reduced hp, almost no armour, amphibious, 8 rings,
camouflage 1, gelatinous body 1, (nimble swimmer 1), tentacles
a: Begin Untransformation


You were on level 1 of the Dungeon.
You were something dangerously unstable.
You visited 1 branch of the dungeon, and saw 1 of its levels.

You collected 14 gold pieces.

Inventory:

Hand Weapons
 a - a +0 long sword (melded)
Missiles
 c - 3 throwing nets (quivered)
 d - a javelin
Armour
 b - a +0 hat (worn)
Talismans
 f - a flux talisman (active)
Scrolls
 e - a scroll of revelation {unknown}


   Skills:
 + Level 2.0 Fighting
 - Level 3.0 Long Blades
 - Level 2.0 Throwing
 + Level 3.0 Dodging
 * Level 0.2 Shapeshifting


You couldn't memorise any spells.
You didn't know any spells.
Your spell library was empty.

Dungeon Overview and Level Annotations

Branches:
Dungeon (1/15)

Altars:


Innate Abilities, Weirdness & Mutations

You are something dangerously unstable.
You glow with magical radiation, making you easy to see and hit.
Foes you strike become dangerously contaminated with magical radiation.
Your maximum health is decreased, since you lack skill for your form.
You are incapable of wielding weapons or throwing items.
You cannot wear most types of armour.
You are amphibious.
You can wear up to eight rings at the same time.
Your skin changes colour to match your surroundings (Stealth+).
Your rubbery body absorbs attacks. (AC +1, EV +1)
((You are camouflaged when in or above water. (Stealth+)))
You have tentacles for arms and can constrict up to eight enemies at once.


Message History

The giant cockroach bites you but does no damage.
The giant cockroach misses you.
You barely miss the giant cockroach. You grab the giant cockroach.
You constrict the giant cockroach, but do no damage.
The giant cockroach barely misses you.
You tentacle-slap the giant cockroach.
The giant cockroach begins to glow.
The giant cockroach is moderately wounded.
You constrict the giant cockroach. The giant cockroach barely misses you.
You tentacle-slap the giant cockroach.
The giant cockroach glows dangerously bright.
You squeeze the giant cockroach.
You kill the giant cockroach!
No target in view!
Found a stone staircase leading down.
There is a stone staircase leading down here.
You now have 14 gold pieces.
Found 4 stones.
No target in view!
No target in view!
Found a leather armour.
No target in view!
No target in view!
No target in view!
No target in view!
A goblin comes into view. It is wielding a +0 club.
Found a dagger and a cyan potion.
The goblin shouts!
A giant cockroach comes into view.
A bat comes into view.
The giant cockroach moves out of view.
The bat moves out of view.
The goblin misses you.
You barely miss the goblin. Your grab misses the goblin.
A quokka comes into view.
The goblin hits you with a +0 club.
Ouch! That really hurt!
* * * LOW HITPOINT WARNING * * *
You are too injured to fight recklessly!
Unknown command.
You aren't carrying any potions.
The goblin attacks as you move away! The goblin hits you with a +0 club.
You die...

.#.##. #.##
...... ...#
...... ..#.#
......###...##
..r.!......###.
............
#..B.....###
#.g.(.......#
#..B....[##.# .
#...........#..
#........).....
######.###..##.
#.#.......
#...#
##.############
#.............
#...######....


You could see a quokka (wandering), a giant cockroach and a goblin.

Vanquished Creatures
  A bat (D:1)
  A giant cockroach (D:1)
2 creatures vanquished.

Notes
Turn   | Place    | Note
-------+----------+-------------------------------------------
     0 | D:1      | Ethylacetat the Octopode Gladiator began the quest for the
                  | Orb.
     0 | D:1      | Reached XP level 1. HP: 14/14 MP: 1/1
   137 | D:1      | Slain by a goblin

Illustrated notes

Levels and vault maps discovered:
D:1:      dpeg_arrival_line_fractal, layout_loops_cross, minmay_quantized

Action                     || total
---------------------------++-------
  Melee: Unarmed           ||     9
         Constrict         ||     2
         Tentacles         ||     2
 Armour: Skin              ||     1
  Dodge: Dodged            ||    13
   Form: Flux              ||     1

Table legend: (Time is in decaauts)
 A = Elapsed time spent in this place.
 B = Non-inter-level travel time spent in this place.
 C = Inter-level travel time spent in this place.
 D = Time resting spent in this place.
 E = Time spent auto-exploring this place.
 F = Levels seen in this place.
 G = Mean time per level.
                   A        B        C        D        E       F      G
               +--------+--------+--------+--------+--------+-----+--------+
         Total |    137 |    137 |      0 |      0 |    100 |   1 |  137.0 |
       Dungeon |    137 |    137 |      0 |      0 |    100 |   1 |  137.0 |
               +--------+--------+--------+--------+--------+-----+--------+

Top non-repeatable levels by time:
     D:1: 137 daAuts
